 Dungeon Crawl Stone Soup version 0.29-a0-317-gd16b76e6b1 (webtiles) character file.

Game seed: 17165418013256109438

43498 Ijustatesigmund the Basher (level 14, -4/94 HPs)
             Began as a Gargoyle Fighter on Mar 31, 2022.
             Was a High Priest of Cheibriados.
             Slain by Rupert
             ... wielding a +1 great mace of holy wrath
              (7 damage)
             ... while paralysed by Rupert
             ... on level 11 of the Dungeon.
             The game lasted 00:38:15 (21840 turns).

Ijustatesigmund the Basher (Gargoyle Fighter)      Turns: 21840, Time: 00:38:16

Health: -4/94      AC: 33    Str: 33    XL:     14   Next: 24%
Magic:  22/22      EV:  2    Int: 27    God:    Cheibriados [*****.]
Gold:   782        SH:  0    Dex: 21    Spells: 12/13 levels left

rFire   + . .      SeeInvis +   a - +5 eveningstar (protect)
rCold   + . .      Faith    .   c - +2 kite shield
rNeg    + . .      Spirit   .   b - +2 chain mail {rPois}
rPois   ∞          Reflect  .   O - +0 helmet
rElec   +          Harm     .   m - scarf {rC+ rF+}
rCorr   .          Rampage  .   y - +0 pair of gloves
Will    +....      Clarity  +   u - +1 pair of boots
Stlth   ..........              x - amulet of the acrobat
HPRegen 0.25/turn               t - +4 ring of protection
MPRegen 0.18/turn               j - ring of see invisible

@: paralysed, flying, very slow
A: sickness immunity, AC +10, big wings, negative energy resistance 1,
electricity resistance, torment resistance 1, petrification resistance, clarity,
clever 1, mutation resistance 1
a: Renounce Religion, Bend Time, Temporal Distortion, Slouch, Step From Time


You were on level 11 of the Dungeon.
You worshipped Cheibriados.
Cheibriados was extremely pleased with you.
You visited 2 branches of the dungeon, and saw 16 of its levels.
You visited the Abyss 1 time.
You also visited: Bailey.

You collected 1376 gold pieces.
You spent 594 gold pieces at shops.

Inventory:

Hand Weapons
 a - a +5 eveningstar of protection (weapon)
 G - a +0 eveningstar of draining
Missiles
 f - 2 throwing nets
 l - 10 curare-tipped darts (quivered)
 C - 6 silver javelins
Armour
 b - a +2 chain mail of poison resistance (worn)
 c - a +2 kite shield (worn)
 d - a +1 cloak of preservation
 m - a scarf of resistance (worn)
 u - a +1 pair of boots (worn)
 y - a +0 pair of gloves (worn)
 O - a +0 helmet (worn)
Jewellery
 h - a ring of wizardry
 j - a ring of see invisible (right hand)
 n - a ring of willpower
 t - a +4 ring of protection (left hand)
 x - an amulet of the acrobat (around neck)
 D - a ring of wizardry
 Q - a ring of positive energy
Wands
 q - a wand of iceblast (11)
 v - a wand of flame (26)
 K - a wand of charming (5)
Scrolls
 e - a scroll of enchant armour
 w - 3 scrolls of teleportation
 z - 2 scrolls of amnesia
 E - 3 scrolls of immolation
 F - 4 scrolls of identify
 H - a scroll of torment
 I - 2 scrolls of fog
 J - 3 scrolls of summoning
 N - a scroll of silence
 S - a scroll of blinking
Potions
 g - 3 potions of resistance
 i - 2 potions of flight
 k - 4 potions of attraction
 o - 6 potions of mutation
 p - 2 potions of cancellation
 r - 2 potions of lignification
 s - 3 potions of curing
 B - 7 potions of magic
 L - a potion of brilliance


   Skills:
 - Level 13.5 Fighting
 - Level 14.7 Maces & Flails
 - Level 9.6 Armour
 - Level 4.5 Dodging
 - Level 7.3 Shields
 + Level 3.7 Translocations
 + Level 10.8 Invocations


You had 12 spell levels left.
You knew the following spells:

 Your Spells              Type           Power      Damage    Failure   Level
a - Apportation           Tloc           38%        N/A       24%         1

Your spell library contained the following spells:

 Spells                   Type           Power      Damage    Failure   Level
 Inner Flame              Hex/Fire       0%         N/A       97%         3
 Animate Dead             Necr           0%         N/A       100%        4
 Cause Fear               Hex            0%         N/A       100%        4
 Alistair's Intoxication  Tmut/Pois      0%         N/A       100%        5
 Haunt                    Necr/Summ      0%         N/A       100%        7
 Discord                  Hex            0%         N/A       100%        8
 Infestation              Necr           0%         N/A       100%        8


Dungeon Overview and Level Annotations

Branches:
Dungeon (15/15) Temple (1/1) D:7 Lair (0/6) D:9 Orc (0/2) D:10 Vaults (0/5) D:12 D:13 Bailey (visited) Depths: D:15

Altars:
Ashenzari
Cheibriados
Dithmenos
Elyvilon
Fedhas
Gozag
Hepliaklqana
Kikubaaqudgha
Makhleb
Nemelex Xobeh
Okawaru
Qazlal
Ru
Sif Muna
Trog
Uskayaw
Vehumet
Wu Jian
Xom
Yredelemnul
Zin
The Shining One

Shops:
D:2 [   D:3 (   D:6 ?   D:14 [

Annotations:
D:11 Rupert


Innate Abilities, Weirdness & Mutations

You are immune to sickness and miasma.
Your stone body is resilient. (AC +10)
You are immune to poison.
Your large and strong wings let you fly.
You resist negative energy. (rN+)
You are resistant to electric shocks. (rElec)
You are resistant to unholy torment.
You are immune to petrification.
You possess an exceptional clarity of mind.
Your mind is acute. (Int +2)
You are somewhat resistant to further mutation.


Message History

Rupert closely misses you.
Rupert hits you with a +1 great mace of holy wrath!!
Rupert misses you. You block Rupert's attack. x2
You block Rupert's attack. Rupert completely misses you.
Rupert attacks as you move away!
Rupert hits you with a +1 great mace of holy wrath.
Rupert hits you but does no damage. Rupert barely misses you.
Rupert completely misses you. Rupert hits you but does no damage.
Rupert is no longer berserk.
Rupert roars wildly at you.
You suddenly lose the ability to move!
Rupert hits you but does no damage. Rupert barely misses you.
Rupert hits you with a +1 great mace of holy wrath!
You can move again.
You hit Rupert.
Your weapon exudes an aura of protection.
Rupert is heavily wounded.
You hit Rupert.
Rupert is heavily wounded.
You block Rupert's attack.
You barely miss Rupert.
Rupert is heavily wounded.
You block Rupert's attack.
You puncture Rupert!
Rupert is severely wounded.
You barely miss Rupert.
Rupert is severely wounded.
Rupert roars wildly at you.
You suddenly lose the ability to move!
Rupert hits you with a +1 great mace of holy wrath!
* * * LOW HITPOINT WARNING * * *
Rupert hits you with a +1 great mace of holy wrath!
* * * LOW HITPOINT WARNING * * *
Rupert hits you with a +1 great mace of holy wrath!
* * * LOW HITPOINT WARNING * * *
Rupert looks more energetic.
Rupert screams, "Get ready!
I'll kill you!
Or something like that..."
Rupert hits you with a +1 great mace of holy wrath!
You die...

.#.##..........<.......#
.#.##.##.#..#.....<....#
.##.#.#.##..########.#.#
.......###..# #.#.# ########
.##.#.## #..########.#.# #)......
.##.#.# #.........#.#.###.######
.##.#.# #..######.#.#.....# #...
.##.#.####..######.#.#..######.##
.##.#...........@@....>....)...#
..........########........#######
###.####### ########........ #.#
######### #.# ###.# ....# #####


You could see Rupert.

Vanquished Creatures
  A hellephant (Abyss:2)
  A tentacled starspawn (Abyss:2)
  Azrael (D:15)
  3 boulder beetles
  2 hydras
  5 two-headed ogres
  7 centaur warriors
  Urug (D:12)
  3 skeletal warriors (D:13)
  A glowing orange brain (D:12)
  2 deep elf zephyrmancers
  4 deep elf pyromancers
  An orc knight (Bailey)
  8 ugly things
  4 cyclopes
  4 manticores
  Joseph (D:9)
  An apocalypse crab (Abyss:2)
  3 large abominations (Abyss:2)
  2 smoke demons (Abyss:2)
  2 gargoyles
  2 tengu conjurers
  2 komodo dragons
  An ancient zyme (Abyss:2)
  2 hellwings (Abyss:2)
  A troll (shapeshifter) (D:13)
  2 trolls (D:12)
  3 meliai (D:14)
  A hornet (D:9)
  4 raiju (Abyss:2)
  7 slime creatures
  A dream sheep (shapeshifter) (D:10)
  A centaur simulacrum (D:14)
  13 starcursed masses (Abyss:2)
  A ynoxinul (Abyss:2)
  A water elemental (D:15)
  A shadow (D:11)
  Sigmund (D:5)
  17 yaks
  A vampire (D:9)
  A wraith (Abyss:2)
  6 fire elementals
  16 humans (D:12)
  A golden eye (Abyss:2)
  3 wyverns
  4 steam dragons
  A basilisk (D:9)
  4 vampire mosquitoes (D:12)
  A neqoxec (Abyss:2)
  3 hell hounds (D:15)
  3 acid dragons
  3 water moccasins
  2 ice beasts (D:8)
  11 orc warriors
  A black bear (D:8)
  A sky beast (D:5)
  3 wolves
  21 centaurs
  A phantom (D:5)
  2 kobold brigands
  4 gnoll sergeants
  2 scorpions
  A necrophage (D:4)
  3 bullfrogs
  8 wights
  13 killer bees
  5 howler monkeys
  A lava snake (D:13)
  A small abomination (Abyss:2)
  A jelly (D:8)
  8 hounds
  2 orc priests
  8 iguanas
  A gnoll shaman (D:6)
  9 orc wizards
  Natasha (twice) (D:2)
  22 gnolls
  7 adders
  2 shadow imps
  4 white imps
  An ufetubus (D:7)
  5 dart slugs
  49 orcs
  8 bats
  11 endoplasms
  4 giant cockroaches
  14 goblins
  6 hobgoblins
  2 jackals (D:3)
  20 kobolds
  4 quokkas
  4 ball pythons
  A frilled lizard (D:1)
  4 rats
  A starspawn tentacle (Abyss:2)
445 creatures vanquished.

Vanquished Creatures (collateral kills)
  A death knight (D:10)
  A deep elf pyromancer (D:10)
  A torpor snail (shapeshifter) (D:10)
3 creatures vanquished.

Vanquished Creatures (others)
  17 plants (D:9)
  3 starspawn tentacles (Abyss:2)
20 creatures vanquished.

Grand Total: 468 creatures vanquished

Notes
Turn   | Place    | Note
-------+----------+-------------------------------------------
     0 | D:1      | Ijustatesigmund the Gargoyle Fighter began the quest for
                  | the Orb.
     0 | D:1      | Reached XP level 1. HP: 14/14 MP: 1/1
    97 | D:1      | Reached XP level 2. HP: 19/19 MP: 2/2
   421 | D:1      | Found a faded altar of an unknown god.
   483 | D:1      | Reached skill level 3 in Maces & Flails
   557 | D:1      | Reached XP level 3. HP: 24/24 MP: 3/3
  1519 | D:2      | Reached XP level 4. HP: 29/29 MP: 4/4
  1643 | D:2      | Reached skill level 4 in Maces & Flails
  1719 | D:2      | Found Fauj's Antique Armour Shop.
  1929 | D:2      | Noticed Natasha
  1936 | D:2      | Killed Natasha
  1937 | D:2      | Reached XP level 5. HP: 33/34 MP: 5/5
  2144 | D:2      | Noticed Natasha
  2148 | D:2      | Killed Natasha
  2484 | D:3      | Found Guukijuck's Weapon Boutique.
  2903 | D:3      | Reached skill level 5 in Maces & Flails
  3064 | D:3      | Reached XP level 6. HP: 26/40 MP: 6/6
  3672 | D:3      | Reached skill level 5 in Fighting
  3910 | D:2      | Bought a glowing chain mail for 210 gold pieces
  4319 | D:4      | Found a glowing silver altar of Zin.
  4319 | D:4      | Found an opulent altar of Gozag.
  4865 | D:5      | Entered Level 5 of the Dungeon
  4933 | D:5      | Noticed Sigmund
  4933 | D:5      | Noticed a sky beast
  4936 | D:5      | Reached XP level 7. HP: 13/44 MP: 7/7
  4972 | D:6      | Reached skill level 6 in Maces & Flails
  4976 | D:6      | Reached skill level 5 in Shields
  5005 | D:6      | Reached XP level 8. HP: 22/52 MP: 8/8
  5386 | D:5      | Killed Sigmund
  5390 | D:5      | Reached skill level 7 in Maces & Flails
  6042 | D:5      | Reached XP level 9. HP: 58/58 MP: 9/9
  6721 | D:6      | Found Umoblidi's Magic Scroll Emporium.
  6737 | D:6      | Bought a scroll of teleportation for 36 gold pieces
  7330 | D:6      | Reached skill level 8 in Maces & Flails
  8549 | D:7      | Found a staircase to the Ecumenical Temple.
  8812 | D:8      | Found a stormy altar of Qazlal.
  8831 | D:8      | Reached skill level 5 in Armour
  9255 | D:8      | Reached XP level 10. HP: 63/66 MP: 10/10
  9299 | D:8      | Reached skill level 9 in Maces & Flails
  9486 | D:8      | Found a basalt altar of Yredelemnul.
  9564 | D:8      | Found a white marble altar of Elyvilon.
  9676 | Temple   | Entered the Ecumenical Temple
  9876 | Temple   | Became a worshipper of Cheibriados the Contemplative
  9942 | D:8      | Reached skill level 1 in Invocations
 10169 | D:9      | Noticed Joseph
 10202 | D:9      | Killed Joseph
 10203 | D:9      | Reached skill level 10 in Fighting
 10204 | D:9      | Reached * piety under Cheibriados
 10289 | D:9      | Found a flagged portal.
 10294 | Bailey   | Entered a bailey
 10515 | Bailey   | Reached ** piety under Cheibriados
 10651 | Bailey   | Noticed an orc knight
 11000 | Bailey   | Killed an orc knight
 11001 | Bailey   | Reached skill level 10 in Maces & Flails
 11001 | Bailey   | Reached XP level 11. HP: 36/73 MP: 14/14
 11373 | D:3      | Bought a +0 eveningstar of flaming for 348 gold pieces
 11385 | D:3      | Identified a scroll of acquirement
 11385 | D:3      | Acquired a +1 cloak of preservation
 11555 | D:9      | Noticed a two-headed ogre
 11572 | D:9      | Killed a two-headed ogre
 11573 | D:9      | Reached skill level 1 in Dodging
 11787 | D:9      | Reached *** piety under Cheibriados
 11795 | D:9      | Found a staircase to the Lair.
 11871 | D:9      | Noticed a two-headed ogre
 11883 | D:9      | Killed a two-headed ogre
 11884 | D:9      | Reached skill level 5 in Invocations
 12191 | D:10     | Entered Level 10 of the Dungeon
 12210 | D:10     | Found a hide-covered altar of Uskayaw.
 12224 | D:10     | Noticed a four-headed hydra
 12233 | D:10     | Killed a four-headed hydra
 12533 | D:10     | Noticed a two-headed ogre
 12535 | D:10     | Noticed a two-headed ogre
 12539 | D:10     | Killed a two-headed ogre
 12540 | D:10     | Reached skill level 11 in Maces & Flails
 12547 | D:10     | Killed a two-headed ogre
 12814 | D:10     | Noticed a manticore
 12826 | D:10     | Killed a manticore
 12831 | D:10     | Noticed a cyan ugly thing
 12838 | D:10     | Killed a cyan ugly thing
 12838 | D:10     | Reached **** piety under Cheibriados
 12848 | D:10     | Noticed a death knight
 12856 | D:10     | Noticed a deep elf pyromancer
 12865 | D:10     | Noticed an orb spider
 12867 | D:10     | an orb spider changed into a torpor snail
 12869 | D:10     | Killed a death knight
 12869 | D:10     | Killed a deep elf pyromancer
 12870 | D:10     | Reached XP level 12. HP: 39/80 MP: 16/16
 13116 | D:10     | Noticed a two-headed ogre
 13126 | D:10     | Killed a two-headed ogre
 13127 | D:10     | Reached skill level 12 in Maces & Flails
 13307 | D:10     | Found a staircase to the Orcish Mines.
 13874 | D:10     | Noticed a centaur warrior
 13877 | D:10     | Killed a centaur warrior
 13958 | D:10     | Identified the +0 ring mail of Impermeability {rF+ Int+3
                  | Stlth+}
 14643 | D:11     | Noticed a boulder beetle
 14656 | D:11     | Killed a boulder beetle
 14799 | D:11     | Reached ***** piety under Cheibriados
 15450 | D:12     | Reached skill level 13 in Maces & Flails
 15849 | D:13     | Noticed Rupert
 15849 | D:13     | Noticed Urug
 15849 | D:13     | Noticed a centaur warrior
 15849 | D:13     | Found a gate to the Vaults.
 15858 | D:13     | Noticed a boulder beetle
 15875 | D:12     | Reached XP level 13. HP: 65/87 MP: 19/19
 15991 | D:13     | Paralysed by Rupert for 2 turns
 16599 | D:12     | Killed Urug
 17517 | D:13     | Reached skill level 14 in Maces & Flails
 17776 | D:13     | Found a hide-covered altar of Uskayaw.
 18336 | D:14     | Found Cheibriados's Comfort Zone.
 18336 | D:14     | Found a snail-covered altar of Cheibriados.
 19565 | D:14     | Found a sacrificial altar of Ru.
 19880 | D:14     | Gained mutation: You possess an exceptional clarity of
                  | mind. [potion of mutation]
 19880 | D:14     | Gained mutation: Your mind is acute. (Int +2) [potion of
                  | mutation]
 19880 | D:14     | Gained mutation: You are somewhat resistant to further
                  | mutation. [potion of mutation]
 19883 | D:14     | Learned a level 1 spell: Apportation
 20068 | D:15     | Entered Level 15 of the Dungeon
 20075 | D:14     | Gained mutation: Your large and strong wings let you fly.
                  | [Gargoyle growth]
 20075 | D:14     | Reached XP level 14. HP: 94/94 MP: 21/21
 20080 | D:15     | Reached skill level 1 in Translocations
 20085 | D:15     | Reached skill level 10 in Invocations
 20523 | D:15     | Found a white marble altar of Elyvilon.
 20703 | D:15     | Noticed Azrael
 20721 | D:15     | Killed Azrael
 20947 | D:15     | Cast into level 2 of the Abyss (a wizard)
 21123 | Abyss:2  | Noticed a starcursed mass
 21146 | Abyss:2  | Noticed a hellephant
 21171 | Abyss:2  | Killed a hellephant
 21431 | Abyss:2  | Noticed a starcursed mass
 21602 | Abyss:2  | Noticed a tentacled starspawn
 21614 | Abyss:2  | Killed a tentacled starspawn
 21756 | D:15     | Escaped the Abyss
 21826 | D:11     | Paralysed by Rupert for 4 turns
 21834 | D:11     | Paralysed by Rupert for 7 turns
 21838 | D:11     | HP: 3/94 [Rupert/+1 great mace of holy wrath (12)]
 21840 | D:11     | Slain by Rupert

Illustrated notes

Levels and vault maps discovered:
D:1:      erik_arrival_orb_chamber, layout_basic, ebering_ecumenical_altar_mist,
          hangedman_decor_lopped
D:2:      layout_basic, serial_shops, shop_fountains, uniq_natasha
D:3:      minmay_razor_zed, layout_basic, serial_shops, shop_fountains
D:4:      layout_loops_ring, grunt_temple_overflow_gold_and_silver
D:5:      layout_basic, uniq_sigmund
D:6:      layout_basic, serial_shops, nicolae_shop_statue_plus
D:7:      layout_rooms, minmay_temple_entry_offerings, interstate_on_off
D:8:      layout_basic, kennysheep_ying_yang, nicolae_qazlal_general_emergency,
          kennysheep_generic_room_2
D:9:      layout_roguey, minmay_lair_entry_grove, enter_bailey_3, uniq_joseph
D:10:     hangedman_cross_veins, layout_basic, lemuel_tele_altar, orc_0_dummy
D:11:     layout_loops_ring, hangedman_decor_points
D:12:     layout_long_grid
D:13:     layout_basic, david_vaults_3, nicolae_uskayaw_suspiria
D:14:     layout_stronghold, nicolae_concentric_dashed_squares_wild,
          minmay_shop_chei, nicolae_ru_sacrificial_ziggurat
D:15:     hangedman_depths_entry_civil_slaughter, layout_rooms,
          nicolae_elyvilon_temple_path, uniq_azrael
Temple:   eino_temple_scatter_basement

Skill      XL: |  1  2  3  4  5  6  7  8  9 10 11 12 13 14 |
---------------+-------------------------------------------+-----
Maces & Flails | 3 4 5 6 7 8 10 11 13 14 | 14.7
Fighting       | 4 5 6 7 9 10 11 12 13 | 13.5
Shields        | 4 5 6 7 |  7.3
Armour         | 5 7 8 9 |  9.6
Invocations    | 4 6 8 9 10 | 10.8
Dodging        | 3 4 |  4.5
Translocations | 3 |  3.7

Action                   |  1- 3 |  4- 6 |  7- 9 | 10-12 | 13-15 || total
-------------------------+-------+-------+-------+-------+-------++-------
Melee: Flail             |    89 |   229 |   440 |   201 |       ||   959
       Eveningstar       |       |       |       |   350 |   443 ||   793
Throw: Dart              |       |       |    11 |       |     2 ||    13
Invok: Slouch            |       |       |       |       |     5 ||     5
       Bend Time         |       |       |       |       |     2 ||     2
Evoke: Wand              |       |       |       |    13 |     5 ||    18
  Use: Scroll            |     3 |     5 |     6 |    14 |     6 ||    34
       Potion            |       |     4 |     6 |     6 |     5 ||    21
 Stab: Invisible         |       |       |     1 |       |       ||     1
       Distracted        |       |       |     1 |       |       ||     1
Armor: Scale mail        |    50 |    80 |       |       |       ||   130
       Chain mail        |       |    50 |   412 |   405 |   351 ||  1218
Dodge: Dodged            |    35 |    76 |   184 |   193 |   213 ||   701
Block: Buckler           |     5 |       |       |       |       ||     5
       Kite shield       |    30 |   112 |   321 |   423 |   439 ||  1325

Table legend: (Time is in decaauts)
 A = Elapsed time spent in this place.
 B = Non-inter-level travel time spent in this place.
 C = Inter-level travel time spent in this place.
 D = Time resting spent in this place.
 E = Time spent auto-exploring this place.
 F = Levels seen in this place.
 G = Mean time per level.
                   A        B        C        D        E       F      G
               +--------+--------+--------+--------+--------+-----+--------+
         Total |  25987 |  24578 |   1409 |   5552 |  14367 |  18 | 1443.7 |
       Dungeon |  23841 |  22444 |   1397 |   4785 |  13575 |  15 | 1589.4 |
        Temple |    211 |    200 |     11 |      0 |    155 |   1 |  211.0 |
         Abyss |    935 |    935 |      0 |    208 |    510 |   1 |  935.0 |
        Bailey |    999 |    999 |      0 |    557 |    126 |   1 |  999.0 |
               +--------+--------+--------+--------+--------+-----+--------+

Top non-repeatable levels by time:
    D:14: 2931 daAuts
    D:12: 2660 daAuts
    D:10: 2457 daAuts
    D:13: 1878 daAuts
     D:4: 1650 daAuts
     D:2: 1555 daAuts
    D:11: 1537 daAuts
     D:6: 1515 daAuts
     D:9: 1362 daAuts
     D:3: 1354 daAuts
     D:8: 1250 daAuts
     D:1: 1213 daAuts
  Bailey: 999 daAuts
     D:7: 954 daAuts
 Abyss:2: 935 daAuts
